 Dungeon Crawl Stone Soup version 0.19-a0-54-g5421d7e (webtiles) character file.

197030 tyvek the Severer (level 17, -1/163 HPs)
             Began as a Minotaur Fighter on May 7, 2016.
             Was the Champion of Okawaru.
             Slain by Polyphemus (6 damage)
             ... on level 3 of the Shoals.
             The game lasted 01:22:25 (30295 turns).

tyvek the Severer (Minotaur Fighter)               Turns: 30295, Time: 01:22:25

Health: -1/163     AC: 27    Str: 37    XL:     17   Next: 76%
Magic:  24/24      EV:  2    Int:  5    God:    Okawaru [******]
Gold:   2294       SH:  0    Dex: 14    Spells: 0 memorised, 16 levels left

rFire  . . .     SeeInvis +     a - +8 mithril axe "Arga" {speed, MR+ Str+2}
rCold  + . .     Gourm    .     N - +8 scale mail "Cakymponn" {rElec rC+ MR+ rCorr}
rNeg   + + +     Faith    .     n - +2 shield
rPois  ∞         Spirit   .     X - +0 hat
rElec  +         Dismiss  .     K - +0 cloak {rPois}
rCorr  +         Reflect  .     T - +0 pair of gloves {archery}
SustAt .         Harm     .     Z - +0 pair of boots
MR     +++..                    V - amulet "Beorah" {Regen+ Str+7}
Stlth  ..........               A - +3 ring of protection
                                r - ring "Uforih" {EV+4 Dex+4 SInv Stlth-}

@: petrified, extremely resistant to hostile enchantments, extremely unstealthy
A: retaliatory headbutt, horns 2
a: Heroism, Finesse, Renounce Religion
}: 1/15 runes: serpentine


You were on level 3 of the Shoals.
You worshipped Okawaru.
Okawaru was exalted by your worship.
You were not hungry.

You visited 5 branches of the dungeon, and saw 32 of its levels.
You also visited: Labyrinth and Ice Cave.

You collected 4063 gold pieces.
You spent 1769 gold pieces at shops.

Inventory:

Hand Weapons
 a - the +8 mithril axe "Arga" (weapon) {speed, MR+ Str+2}
   (You bought it in a shop on level 2 of the Orcish Mines)

   Attacks with this weapon are significantly faster.
   It affects your strength (+2).
   It affects your resistance to hostile enchantments.
 b - the +8 Wrath of Trog {antimagic, *Rage}
   (Okawaru gifted it to you in an ice cave)

   It disrupts the flow of magical energy around spellcasters and certain
   magical creatures (including the wielder).
   It may make you go berserk in combat.
Armour
 n - a +2 shield (worn)
   (You took it off Asterion on level 3 of the Snake Pit)
 D - the +7 plate armour of Wonder {Dex+8}
   (Okawaru gifted it to you on level 7 of the Lair of Beasts)

   It affects your dexterity (+8).
 K - a +0 cloak of poison resistance (worn)
   (Okawaru gifted it to you on level 4 of the Snake Pit)
 N - the +8 scale mail "Cakymponn" (worn) {rElec rC+ MR+ rCorr}
   (Okawaru gifted it to you on level 13 of the Dungeon)

   It protects you from cold.
   It insulates you from electricity.
   It affects your resistance to hostile enchantments.
   It protects you from acid and corrosion.
 T - a +0 pair of gloves of archery (worn)
   (Okawaru gifted it to you on level 8 of the Lair of Beasts)
 X - a +0 hat (worn)
   (You found it on level 15 of the Dungeon)
 Z - a +0 pair of boots (worn)
   (You found it on level 15 of the Dungeon)
Rods
 i - a +2 rod of clouds (10/10) {!a}
   (You found it in a labyrinth)
Jewellery
 k - an uncursed ring of protection from fire {rF+, !d}
   (You found it on level 8 of the Lair of Beasts)
 r - the ring "Uforih" (left hand) {EV+4 Dex+4 SInv Stlth-}
   (You took it off a naga on level 2 of the Snake Pit)

   [ring of evasion]

   It affects your evasion (+4).
   It affects your dexterity (+4).
   It lets you see invisible.
   It makes you less stealthy.
 s - an uncursed ring of poison resistance {rPois, !d}
   (You found it on level 2 of the Dungeon)
 A - a +3 ring of protection (right hand)
   (You found it on level 3 of the Snake Pit)
 B - an uncursed ring of protection from fire {rF+, !d}
   (You found it on level 4 of the Snake Pit)
 V - the amulet "Beorah" (around neck) {Regen+ Str+7}
   (You bought it in a shop on level 7 of the Dungeon)

   [amulet of regeneration]

   It affects your strength (+7).
   It increases your rate of regeneration.
 Y - an uncursed ring of protection from cold {rC+, !d}
   (You found it in an ice cave)
Wands
 W - a wand of digging (9/24)
   (You found it on level 12 of the Dungeon)
Scrolls
 c - a scroll of brand weapon
 o - a scroll of recharging
 q - a scroll of enchant armour
 t - 11 scrolls of remove curse
 u - 2 scrolls of fog
 y - 2 scrolls of teleportation
 G - 4 scrolls of amnesia
 H - 4 scrolls of blinking {!r}
 L - 4 scrolls of magic mapping {!r}
 U - 2 scrolls of identify
Potions
 d - 5 potions of might
 e - 2 potions of heal wounds
 j - 4 potions of ambrosia
 p - 3 potions of berserk rage {!q}
 v - 2 potions of invisibility
 w - 5 potions of agility
 x - 3 potions of cure mutation {!q}
 C - 2 potions of brilliance
 F - 2 potions of lignification {!q}
 J - 7 potions of curing
 M - 2 potions of cancellation
 O - 2 potions of haste
 P - 4 potions of flight
Miscellaneous
 f - a phial of floods (inert)
   (You found it in a labyrinth)
 z - a disc of storms
   (You found it on level 2 of the Snake Pit)
 E - a stone of tremors
   (You found it on level 1 of the Lair of Beasts)
 Q - a box of beasts {used: 1}
   (You found it on level 8 of the Lair of Beasts)
 S - a plain deck of wonders
   (You found it on level 8 of the Lair of Beasts)
Comestibles
 g - 9 bread rations {@e1}
 h - 2 slices of pizza
 l - a meat ration {@e2}


   Skills:
 + Level 18.0 Fighting
 + Level 20.0 Axes
 + Level 17.9 Armour
 + Level 14.7 Shields
 - Level 11.1 Invocations


You had 16 spell levels left.
You didn't know any spells.

Dungeon Overview and Level Annotations

Branches:
Dungeon (15/15)            Temple (0/1) D:4            Lair (8/8) D:8
 Shoals (3/4) Lair:6        Snake (4/4) Lair:6        Slime (0/6) Lair:6
    Orc (2/2) D:11            Elf (0/3) Orc:2        Vaults (0/5) D:14
 Depths (0/5) D:15

Altars:
Cheibriados
Dithmenos
Elyvilon
Fedhas
Gozag
Makhleb
Okawaru
Pakellas
Qazlal
Ru
Sif Muna
Trog
Vehumet
Xom
Yredelemnul
The Shining One
Beogh

Shops:
D:4 *:(%   D:5 %   D:7 =   Orc:2 ([***   Shoals:1 *   Snake:2 !

Annotations:
Shoals:3 Polyphemus


Innate Abilities, Weirdness & Mutations

You reflexively headbutt those who attack you in melee.
You have a pair of horns on your head.


Message History

The shadowy forms in the deep grow still as others approach.
Unknown command.
You slice the merfolk avatar!! You headbutt the merfolk avatar!
The merfolk avatar chants a haunting song.
You resist with almost no effort.
You barely miss the merfolk avatar. You headbutt the merfolk avatar!
You closely miss the merfolk avatar.
You cut the merfolk avatar into ribbons!!!
You kill the merfolk avatar!
Okawaru accepts your kill.
You hear a bellow!
The drowned soul returns to the deep!
A catoblepas comes into view.
Polyphemus the Watchful Shepherd comes into view.
A death yak comes into view.
The death yak bellows!
You block the alligator snapping turtle's attack.
The catoblepas breathes a plume of calcifying dust at you.
The blast of calcifying dust hits you!
A death yak comes into view.
The death yak bellows!
You hit the alligator snapping turtle.
You headbutt the alligator snapping turtle, but do no damage.
You are engulfed in calcifying dust.
You are slowing down.
The death yak moves out of view.
The alligator snapping turtle bites you!!
A griffon comes into view.
The griffon screeches!
Your limbs are stiffening.
A merfolk javelineer comes into view.
It is wielding a long sword of holy wrath.
You take 21 damage, and have 109/163 hp.
You hit the alligator snapping turtle.
You headbutt the alligator snapping turtle.
The alligator snapping turtle bites you but does no damage. 2 merfolk come into view.
The merfolk shouts!
You open the alligator snapping turtle like a pillowcase!!!
You have turned to stone.
The catoblepas gores you!
The alligator snapping turtle bites you but does no damage.
The death yak is engulfed in calcifying dust.
The death yak is moving more slowly.
Polyphemus throws the death yak at you!
A water nymph comes into view.
The catoblepas gores you!
The alligator snapping turtle bites you!!
The merfolk javelineer is engulfed in calcifying dust.
The merfolk javelineer is moving more slowly.
Polyphemus hits you but does no damage. Polyphemus hits you!!
The death yak gores you but does no damage.
The catoblepas gores you!
The merfolk is engulfed in calcifying dust.
The merfolk is moving more slowly.
The alligator snapping turtle bites you!
Polyphemus hits you! Polyphemus hits you but does no damage.
The death yak gores you!
The catoblepas gores you but does no damage.
The merfolk barely misses you.
The merfolk hits you from afar with a spear of piercing.
The alligator snapping turtle bites you but does no damage.
Polyphemus hits you. x2; The death yak gores you!
The catoblepas breathes a plume of calcifying dust at you.
The blast of calcifying dust hits you!
* * * LOW HITPOINT WARNING * * *
The merfolk hits you but does no damage.
The merfolk hits you from afar with a spear of piercing!
* * * LOW HITPOINT WARNING * * *
x2 Polyphemus hits you!!
* * * LOW HITPOINT WARNING * * *
Polyphemus hits you but does no damage.
The death yak gores you but does no damage.
You are engulfed in calcifying dust.
The death yak stops moving altogether!
The merfolk javelineer stops moving altogether!
The merfolk stops moving altogether!
The catoblepas gores you.
* * * LOW HITPOINT WARNING * * *
The alligator snapping turtle bites you but does no damage.
The merfolk hits you but does no damage.
Polyphemus hits you but does no damage. Polyphemus hits you.
* * * LOW HITPOINT WARNING * * *
A manticore comes into view.
You are engulfed in calcifying dust.
The catoblepas gores you!
* * * LOW HITPOINT WARNING * * *
The alligator snapping turtle bites you but does no damage.
The merfolk hits you but does no damage.
Polyphemus hits you but does no damage. Polyphemus hits you!
* * * LOW HITPOINT WARNING * * *
You are engulfed in calcifying dust.
Splash!
You fall into the shallow water.
Moving in this stuff is going to be slow.
The catoblepas breathes a plume of calcifying dust at you.
The blast of calcifying dust hits you!
* * * LOW HITPOINT WARNING * * *
The merfolk hits you from afar with a spear of piercing!
* * * LOW HITPOINT WARNING * * *
x2 The alligator snapping turtle bites you but does no damage.
Polyphemus hits you!
You die...

#....≈≈≈.....≈ ..#
##..≈≈≈≈≈....≈.
≈..####..≈≈≈≈≈≈≈..≈≈≈
≈≈...#.....≈≈≈≈≈.≈≈≈≈≈
≈≈≈≈........≈≈≈≈...≈≈≈≈
≈≈≈≈≈≈≈≈≈.)).)...≈..≈≈≈≈
≈≈≈≈≈≈≈≈≈≈.)††..≈≈≈.≈≈≈≈
≈≈≈≈≈≈≈≈...(####mC≈≈≈≈≈≈
≈≈≈≈≈≈≈≈≈..## #@tm.≈...
≈≈≈≈≈.....≈# #YYm.....
≈≈≈≈≈......# #HYm.≈≈.≈
≈≈≈≈≈.....## .........
≈≈≈≈≈.....## ..#.....≈
≈≈≈≈≈..##PP## ..###..H≈≈
≈≈≈≈..###.P.#..[ .≈≈≈≈
≈≈≈≈..###....... .....
≈≈≈......P...P.


You could see Polyphemus, an alligator snapping turtle, a merfolk javelineer
(petrified), 2 death yaks, a catoblepas, a griffon, 2 merfolk, a manticore and a
water nymph.

Vanquished Creatures
  Nikola (Shoals:1)
  Rupert (Snake:2)
  Asterion (Snake:3)
  Frances (D:13)
  Kirke (Lair:8)
  10 greater nagas
  A frost giant (IceCv)
  Louise (D:15)
  Nessos (D:15)
  The ghost of MongoFromTheCongo the Unseen, a journeyman KoBe of Trog (Lair:8)
  3 fire dragons
  Snorg (Orc:1)
  A merfolk javelineer (Shoals:2)
  A vault guard (D:14)
  The ghost of MrDNA the Nimble, a journeyman FeCK of Xom (Lair:6)
  3 merfolk impalers
  A minotaur (Lab)
  An ice dragon (D:15)
  4 ogre magi (Orc:2)
  10 naga warriors
  A catoblepas (Lair:5)
  6 hydras
  A centaur warrior (D:15)
  2 merfolk avatars
  An anaconda (Snake:1)
  A death knight (D:14)
  A merfolk aquamancer (Shoals:3)
  The ghost of anime the Cleaver, a novice HOFi of the Shining One (D:8)
  Urug (D:12)
  An orc high priest (Orc:1)
  4 death yaks
  4 shock serpents
  16 naga sharpshooters
  A salamander mystic (Snake:4)
  4 sea snakes
  8 naga ritualists
  2 hill giants
  3 harpies (Shoals:2)
  A lindwurm (shapeshifter) (D:15)
  An orc knight (D:10)
  A necromancer (Lair:7)
  12 griffons
  A wolf spider (Lair:8)
  3 cyclopes
  8 ugly things
  A hornet (Lair:8)
  5 mana vipers
  3 fauns (Shoals:2)
  4 deep elf magi
  2 manticores (Shoals:1)
  8 slime creatures
  An ice statue (IceCv)
  9 salamanders
  2 sirens (Shoals:1)
  4 elephants (Lair:8)
  5 guardian serpents
  27 black mambas
  18 naga magi
  A torpor snail (Lair:7)
  6 orange demons (D:13)
  21 spiny frogs
  A spiny frog (shapeshifter) (D:15)
  2 gargoyles
  3 kobold demonologists
  An efreet (D:13)
  10 rime drakes
  6 komodo dragons
  A red devil (D:13)
  13 merfolk
  13 two-headed ogres
  A queen bee (D:14)
  15 polar bears
  A polar bear (shapeshifter) (D:15)
  4 trolls
  5 blink frogs (Lair:4)
  A boulder beetle (Lair:8)
  5 snapping turtles
  A centaur simulacrum (D:14)
  2 shadows
  4 water elementals
  A redback (Lair:8)
  9 basilisks
  77 yaks
  14 wyverns
  4 hogs (Lair:8)
  3 hungry ghosts
  4 vampire mosquitoes (D:15)
  11 hippogriffs
  2 mottled dragons (Lair:8)
  3 wargs
  Menkaure (D:7)
  A soldier ant (D:12)
  39 nagas
  16 water moccasins
  9 porcupines
  A swamp drake (Lair:8)
  18 orc warriors
  A black bear (D:8)
  2 ice beasts
  2 sky beasts
  2 necrophages
  3 phantoms
  6 wasps
  28 wolves
  34 ogres
  8 centaurs
  16 crocodiles
  A big kobold (D:14)
  24 giant frogs
  3 wyvern skeletons
  2 scorpions
  28 killer bees
  7 wights
  3 howler monkeys (D:10)
  6 centaur zombies
  7 crimson imps
  2 quasits
  A wyvern simulacrum (D:15)
  4 centaur skeletons
  4 giant frog zombies
  16 jellies
  11 orc priests
  5 giant frog skeletons
  10 hounds
  Jessica (D:3)
  7 iguanas
  14 orc wizards
  5 polar bear simulacra (Lair:7)
  2 hell rats (Lair:6)
  15 worker ants
  A yak simulacrum (Lair:7)
  24 sheep
  4 wolf simulacra (Lair:7)
  A howler monkey zombie (D:5)
  3 gnolls (Orc:2)
  14 adders
  81 river rats
  5 shadow imps
  12 white imps (D:11)
  9 oozes
  An adder zombie (D:8)
  An adder skeleton (D:9)
  2 worms
  4 dart slugs
  3 giant geckos
  90 orcs
  6 giant cockroaches
  12 goblins
  10 hobgoblins
  20 jackals
  8 kobolds
  4 quokkas
  5 bats
  A giant gecko zombie (D:5)
  A giant newt (D:6)
  A jackal skeleton (D:7)
  A quokka skeleton (D:6)
  A quokka zombie (D:6)
  5 rats
  A river rat simulacrum (Lair:7)
  A butterfly (D:15)
  7 fungi
  11 plants
1179 creatures vanquished.

Vanquished Creatures (others)
  A sea snake (Shoals:1)
  A naga mage (Snake:4)
  A water nymph (Shoals:1)
  A swamp drake (Lair:8)
  An orc wizard (D:9)
  A bush (D:8)
  16 fungi
  33 plants
55 creatures vanquished.

Grand Total: 1234 creatures vanquished

Notes
Turn   | Place    | Note
--------------------------------------------------------------
     0 | D:1      | tyvek the Minotaur Fighter began the quest for the Orb.
     0 | D:1      | Reached XP level 1. HP: 19/19 MP: 0/0
    91 | D:1      | Reached XP level 2. HP: 27/27 MP: 1/1
   155 | D:1      | Reached skill level 3 in Axes
   205 | D:1      | Reached skill level 4 in Fighting
   613 | D:2      | Reached XP level 3. HP: 30/33 MP: 2/2
   648 | D:2      | Found a faded altar to an unknown god.
   757 | D:2      | Found a blossoming altar of Fedhas.
   757 | D:2      | Found a glowing golden altar of the Shining One.
   759 | D:2      | Found an iron altar of Okawaru.
   759 | D:2      | Found a stormy altar of Qazlal.
   762 | D:2      | Found an oddly glowing altar of Pakellas.
   765 | D:2      | Reached skill level 4 in Armour
   770 | D:2      | Became a worshipper of Warmaster Okawaru
  1011 | D:2      | Found a burning altar of Makhleb.
  1263 | D:3      | Reached skill level 4 in Shields
  1263 | D:3      | Reached XP level 4. HP: 41/41 MP: 3/3
  1270 | D:3      | Reached skill level 4 in Axes
  1334 | D:3      | Found a basalt altar of Yredelemnul.
  1389 | D:3      | Reached XP level 5. HP: 36/47 MP: 4/4
  1567 | D:3      | Noticed Jessica
  1573 | D:3      | Killed Jessica
  1869 | D:4      | Reached skill level 5 in Axes
  1880 | D:4      | HP: 11/47 [orc priest/short sword (5)]
  2150 | D:4      | Found Asuw's General Store.
  2164 | D:4      | Found a stormy altar of Qazlal.
  2207 | D:4      | Reached * piety under Okawaru
  2207 | D:4      | Reached XP level 6. HP: 51/55 MP: 5/5
  2213 | D:4      | Got an ichor-stained hand axe
  2220 | D:4      | Identified the +6 hand axe "Gigirim" {vamp, rC+ Str+5 Int+4} (You found it on level 4 of the Dungeon)
  2231 | D:4      | Found a shadowy altar of Dithmenos.
  2257 | D:4      | Reached skill level 5 in Fighting
  2295 | D:4      | Found Nuimait's Antique Weapon Boutique.
  2374 | D:4      | Reached skill level 5 in Armour
  2374 | D:4      | Reached skill level 5 in Shields
  2375 | D:4      | Reached skill level 6 in Axes
  2455 | D:4      | Found Cepninir's Food Shop.
  2485 | D:4      | Found Xaewu's Book Emporium.
  2695 | D:4      | Found a sacrificial altar of Ru.
  2695 | D:4      | Found an opulent altar of Gozag.
  2695 | D:4      | Found a radiant altar of Vehumet.
  2696 | D:4      | Found a white marble altar of Elyvilon.
  2697 | D:4      | Found a shimmering altar of Xom.
  2736 | D:4      | Found a staircase to the Ecumenical Temple.
  2781 | D:5      | Entered Level 5 of the Dungeon
  2964 | D:5      | Reached XP level 7. HP: 59/61 MP: 6/6
  3246 | D:5      | Found Quokogie's Food Boutique.
  3291 | D:5      | Reached skill level 7 in Axes
  3693 | D:6      | Reached ** piety under Okawaru
  3707 | D:6      | Reached skill level 6 in Fighting
  3763 | D:6      | Reached XP level 8. HP: 70/70 MP: 7/7
  3844 | D:6      | Reached skill level 6 in Armour
  3880 | D:6      | Reached skill level 6 in Shields
  4051 | D:6      | Reached skill level 8 in Axes
  4612 | D:7      | Found Hipp's Jewellery Emporium.
  4665 | D:7      | Noticed Menkaure
  4682 | D:7      | Killed Menkaure
  4965 | D:7      | Found an oddly glowing altar of Pakellas.
  4983 | D:7      | Reached *** piety under Okawaru
  5016 | D:7      | Reached skill level 7 in Fighting
  5016 | D:7      | Reached skill level 9 in Axes
  5020 | D:7      | Reached skill level 7 in Armour
  5498 | D:8      | Reached skill level 7 in Shields
  5498 | D:8      | HP: 14/73 [killer bee (6)]
  5500 | D:8      | Reached XP level 9. HP: 19/79 MP: 8/8
  5770 | D:8      | Reached skill level 10 in Axes
  5778 | D:8      | Reached **** piety under Okawaru
  5784 | D:8      | Found a staircase to the Lair.
  5992 | D:5      | Reached skill level 8 in Armour
  6294 | D:8      | Reached skill level 8 in Fighting
  6433 | D:8      | Reached skill level 8 in Shields
  6577 | D:8      | Noticed anime's ghost (novice HOFi)
  6601 | D:8      | Killed anime's ghost
  6601 | D:8      | Reached ***** piety under Okawaru
  6601 | D:8      | Reached skill level 11 in Axes
  6601 | D:8      | Reached XP level 10. HP: 56/90 MP: 9/9
  6950 | D:9      | Found a deep blue altar of Sif Muna.
  7075 | D:9      | Reached skill level 1 in Invocations
  7592 | D:9      | Found a snail-covered altar of Cheibriados.
  7672 | D:10     | Entered Level 10 of the Dungeon
  7672 | D:10     | Noticed a hill giant
  7681 | D:10     | Reached skill level 9 in Armour
  7684 | D:10     | Killed a hill giant
  7684 | D:10     | Reached skill level 9 in Fighting
  7684 | D:10     | Reached skill level 2 in Invocations
  7756 | D:10     | Received a gift from Okawaru
  7756 | D:10     | Reached skill level 3 in Invocations
  7785 | D:10     | Reached skill level 12 in Axes
  7964 | D:10     | Noticed a deep elf mage
  8294 | D:10     | Noticed an orc knight
  8305 | D:10     | Killed an orc knight
  8305 | D:10     | Reached skill level 10 in Armour
  8494 | D:10     | Killed a deep elf mage
  8494 | D:10     | Reached skill level 4 in Invocations
  8514 | D:10     | Reached skill level 10 in Fighting
  8624 | D:11     | Reached XP level 11. HP: 99/99 MP: 13/13
  8889 | D:11     | Found a frozen archway.
  8933 | IceCv    | Entered an ice cave
  8963 | IceCv    | Reached skill level 5 in Invocations
  9027 | IceCv    | Noticed a death yak
  9039 | IceCv    | Killed a death yak
  9059 | IceCv    | Reached skill level 11 in Armour
  9103 | IceCv    | Reached ****** piety under Okawaru
  9103 | IceCv    | Received a gift from Okawaru
  9103 | IceCv    | Reached skill level 13 in Axes
  9111 | IceCv    | Reached skill level 6 in Invocations
  9117 | IceCv    | Reached skill level 11 in Fighting
  9390 | IceCv    | Got a fine plate armour
  9579 | IceCv    | Noticed a death yak
  9583 | IceCv    | Received a gift from Okawaru
  9587 | IceCv    | Reached XP level 12. HP: 110/110 MP: 4/16
  9593 | IceCv    | Killed a death yak
  9593 | IceCv    | Reached skill level 7 in Invocations
  9630 | IceCv    | Identified the +2 plate armour of Hide-and-Seek {Int+6 Slay+3} (You found it in an ice cave)
  9821 | IceCv    | Noticed a death yak
  9821 | IceCv    | Noticed a frost giant
  9828 | IceCv    | Killed a frost giant
  9828 | IceCv    | Reached skill level 12 in Armour
  9829 | IceCv    | Killed a death yak
  9831 | IceCv    | Reached skill level 12 in Fighting
 10221 | D:7      | Bought the amulet "Beorah" {Regen+ Str+7} for 775 gold pieces
 10537 | D:11     | Found a staircase to the Orcish Mines.
 10750 | D:11     | Reached skill level 14 in Axes
 10900 | D:11     | Reached skill level 8 in Invocations
 11004 | D:12     | Found a labyrinth entrance.
 11007 | Lab      | Entered a labyrinth
 11545 | Lab      | Noticed a minotaur
 11549 | Lab      | Killed a minotaur
 11594 | Lab      | Identified the Tome of Poisoning
 11594 | Lab      | Got a slimy ring mail
 11801 | Orc:1    | Entered Level 1 of the Orcish Mines
 11931 | Orc:1    | Found Vugowentyd's Antique Weapon Shoppe.
 12059 | Orc:1    | Noticed Snorg
 12066 | Orc:1    | Killed Snorg
 12066 | Orc:1    | Received a gift from Okawaru
 12066 | Orc:1    | Reached skill level 13 in Fighting
 12066 | Orc:1    | Reached skill level 13 in Armour
 12077 | Orc:1    | Noticed an orc high priest
 12087 | Orc:1    | Reached XP level 13. HP: 79/122 MP: 2/18
 12175 | Orc:1    | Identified the cursed +0 ring mail of Duck's Teeth {rC+ MP+9} (You found it in a labyrinth)
 12187 | Orc:1    | Identified a +2 rod of clouds (10/10) (You found it in a labyrinth)
 12196 | Orc:1    | Found a roughly hewn altar of Beogh.
 12342 | Orc:2    | Entered Level 2 of the Orcish Mines
 12414 | Orc:2    | Found a staircase to the Elven Halls.
 12529 | Orc:2    | Found Ryoduquy's Weapon Shoppe.
 12630 | Orc:2    | Found Pyfed's Assorted Antiques.
 12630 | Orc:2    | Found Adoidun's General Store.
 12633 | Orc:2    | Found Duliriyr's Assorted Antiques.
 12633 | Orc:2    | Found Ora Vuxi's Antique Armour Emporium.
 12654 | Orc:2    | Reached skill level 15 in Axes
 12668 | Orc:2    | HP: 26/122 [two-headed ogre/giant club (5)]
 12671 | Orc:2    | HP: 12/122 [two-headed ogre/giant club (17)]
 12672 | Orc:2    | HP: 5/122 [ogre/giant club (7)]
 12677 | Orc:2    | HP: 26/122 [ogre/giant club (4)]
 12685 | Orc:2    | HP: 16/123 [ogre/giant spiked club (16)]
 12860 | Orc:2    | Bought a scroll labeled CIASSE ESIETI for 31 gold pieces
 12934 | Orc:2    | Bought the +8 mithril axe "Arga" {speed, MR+ Str+2} for 963 gold pieces
 13368 | Orc:2    | Found a bloodstained altar of Trog.
 13833 | Lair:1   | Entered Level 1 of the Lair of Beasts
 13844 | Lair:1   | Got an ancient dagger
 14214 | Lair:1   | Identified the +7 dagger of Posch {pierce, Int+7} (You found it on level 1 of the Lair of Beasts)
 14640 | Lair:2   | Reached skill level 9 in Invocations
 14880 | Lair:2   | Received a gift from Okawaru
 15232 | Lair:2   | Reached skill level 14 in Fighting
 15232 | Lair:2   | Reached skill level 14 in Armour
 15395 | Lair:3   | Found a shadowy altar of Dithmenos.
 16788 | Lair:5   | Reached skill level 9 in Shields
 17002 | Lair:5   | Found a basalt altar of Yredelemnul.
 17112 | Lair:5   | Reached XP level 14. HP: 132/132 MP: 20/20
 17623 | Lair:6   | Found a staircase to the Slime Pits.
 17667 | Lair:6   | Noticed MrDNA's ghost (journeyman FeCK)
 17682 | Lair:6   | Killed MrDNA's ghost
 17747 | Lair:6   | Found a staircase to the Snake Pit.
 18123 | Lair:6   | Found a staircase to the Shoals.
 18337 | Lair:7   | Received a gift from Okawaru
 18366 | Lair:7   | Got an ancient plate armour {god gift}
 18386 | Lair:7   | Identified the +7 plate armour of Wonder {Dex+8} (Okawaru gifted it to you on level 7 of the Lair of Beasts)
 18452 | Lair:7   | Reached skill level 10 in Invocations
 18652 | Lair:7   | Reached skill level 10 in Shields
 18658 | Lair:7   | Reached skill level 16 in Axes
 19422 | Lair:8   | Entered Level 8 of the Lair of Beasts
 19538 | Lair:8   | Reached skill level 15 in Fighting
 19541 | Lair:8   | Reached skill level 15 in Armour
 19900 | Lair:8   | Received a gift from Okawaru
 20044 | Lair:8   | Noticed Kirke
 20060 | Lair:8   | Killed Kirke
 20060 | Lair:8   | Reached XP level 15. HP: 141/141 MP: 22/22
 20062 | Lair:8   | Got an ancient long sword {pain}
 20091 | Lair:8   | Identified the cursed +0 long sword of Immorality {pain, Str+4} (You took it off Kirke on level 8 of the Lair of Beasts)
 20356 | Lair:8   | Noticed MongoFromTheCongo's ghost (journeyman KoBe)
 20363 | Lair:8   | Killed MongoFromTheCongo's ghost
 20363 | Lair:8   | Reached skill level 11 in Shields
 20498 | Lair:8   | Reached skill level 11 in Invocations
 21444 | D:12     | Noticed Urug
 21457 | D:12     | Killed Urug
 21766 | D:13     | Received a gift from Okawaru
 21778 | D:13     | Got an ancient scale mail {god gift}
 21796 | D:13     | Noticed Frances
 21803 | D:13     | Killed Frances
 21823 | D:13     | Got a warped whip
 21841 | D:13     | Identified the +1 whip of Uvoegas {drain, rF+ Str-5 Stlth+} (You found it on level 13 of the Dungeon)
 21854 | D:13     | Identified the +8 scale mail "Cakymponn" {rElec rC+ MR+ rCorr} (Okawaru gifted it to you on level 13 of the Dungeon)
 22061 | D:13     | Reached skill level 17 in Axes
 22896 | D:14     | Reached skill level 16 in Armour
 23023 | D:14     | Found a gate to the Vaults.
 23281 | D:15     | Entered Level 15 of the Dungeon
 23324 | D:15     | Reached skill level 12 in Shields
 23436 | D:15     | Received a gift from Okawaru
 23438 | D:15     | Found a staircase to the Depths.
 23479 | D:15     | Noticed Nessos
 23619 | D:14     | Reached skill level 16 in Fighting
 23961 | D:15     | Noticed Louise
 23974 | D:15     | Killed Louise
 24201 | D:15     | Killed Nessos
 24766 | Snake:1  | Entered Level 1 of the Snake Pit
 24771 | Snake:1  | Reached XP level 16. HP: 151/151 MP: 23/23
 24799 | Snake:1  | Received a gift from Okawaru
 25329 | Snake:1  | Reached skill level 18 in Axes
 26018 | Snake:2  | Found Voxoem Biplo's Distillery.
 26025 | Snake:2  | Noticed Rupert
 26039 | Snake:2  | Killed Rupert
 26116 | Snake:2  | Received a gift from Okawaru
 26128 | Snake:2  | Reached skill level 13 in Shields
 26196 | Snake:2  | Got an ancient turquoise ring
 26199 | Snake:2  | Identified the ring "Uforih" {EV+4 Dex+4 SInv Stlth-} (You took it off a naga on level 2 of the Snake Pit)
 26416 | Snake:3  | Noticed Asterion
 26428 | Snake:3  | Killed Asterion
 26428 | Snake:3  | Received a gift from Okawaru
 26434 | Snake:3  | Got a fine hand crossbow {god gift}
 26629 | Snake:3  | Reached skill level 19 in Axes
 27157 | Snake:4  | Entered Level 4 of the Snake Pit
 27250 | Snake:4  | Reached skill level 17 in Fighting
 27474 | Snake:4  | Received a gift from Okawaru
 27474 | Snake:4  | Reached skill level 17 in Armour
 27709 | Snake:4  | Reached XP level 17. HP: 68/161 MP: 18/24
 27720 | Snake:4  | HP: 36/161 [greater naga/spear (8)]
 27731 | Snake:4  | HP: 28/161 [greater naga/spear (15)]
 27737 | Snake:4  | HP: 39/161 [poisoned by a naga ritualist (toxic radiance)]
 27985 | Snake:4  | Reached skill level 14 in Shields
 28285 | Snake:4  | Got a serpentine rune of Zot
 28499 | Shoals:1 | Entered Level 1 of the Shoals
 28534 | Shoals:1 | Received a gift from Okawaru
 28813 | Shoals:1 | Noticed Nikola
 28820 | Shoals:1 | Found Xuhint's General Store.
 29226 | Shoals:1 | Killed Nikola
 29903 | Shoals:2 | Reached skill level 18 in Fighting
 30258 | Shoals:3 | Reached skill level 20 in Axes
 30283 | Shoals:3 | Noticed Polyphemus
 30292 | Shoals:3 | HP: 40/163 [merfolk/spear of piercing (7)]
 30294 | Shoals:3 | HP: 16/163 [catoblepas[Polyphemus] (6)]
 30295 | Shoals:3 | HP: 6/163 [merfolk/spear of piercing (5)]
 30295 | Shoals:3 | Slain by Polyphemus

Vault maps used:
D:1:      denvon_arrival_planthouse
D:2:      grunt_temple_overflow_open, ecumenical_altar_2,
          makhleb_heckhound_becter
D:3:      marbit_many_paths, uniq_jessica
D:4:      minitemple, temple_green, first_bread, serial_shops,
          nicolae_shop_window_shopping, shop, nicolae_shop_stone, shop_coins,
          hex_medium, grunt_qazlal_sundering
D:5:      serial_shops, shop_fountains
D:7:      basic_altar, serial_shops, shop, uniq_menkaure
D:8:      minmay_lair_entry_grove
D:9:      kennysheep_mini, lemuel_crystal_altar
D:10:     cheibrodos_orc_bank, hangedman_little_slice_of_home,
          kennysheep_island_fort
D:11:     orc_0_dummy, portal_ice_cave_entry_imps
D:12:     lab_entry_generic, hangedman_decor_opposing, hangedman_glass_garden,
          uniq_urug
D:13:     minmay_beelzebubs_servants, uniq_frances
D:14:     david_vaults_5, dk_noncrumbling_3, minivault_25_ag, minivault_7
D:15:     grunt_enter_depths_hoard, wad_floor_pattern_untrapped, uniq_nessos,
          uniq_louise
Lair:1:   hibernation_bobbens, grunt_megastairs_3, infiniplex_staircase_pool_2
Lair:2:   dpeg_oklob_shooting_range, infiniplex_staircase_pool,
          serial_bayou_shore_b, serial_bayou_shore_b, grunt_megastairs_1
Lair:3:   basic_altar
Lair:5:   basic_altar, grunt_megastairs_5
Lair:6:   kennysheep_rathole, elwin_shoals_entry_rocks,
          minmay_snake_entry_guardpost_small, minmay_slime_entry_jelly_boxes,
          dpeg_oklob_1, lemuel_fruit_fields
Lair:7:   eino_house_with_fridge, grunt_megastairs_4
Lair:8:   hangedman_lair_tendril_chambers, guppyfry_lair_end_dragon,
          bobbens_dragon_lair_wall, uniq_kirke
Shoals:1: serial_shops, shop, uniq_nikola
Shoals:3: uniq_polyphemus
Snake:1:  uniq_rupert
Snake:2:  serial_shops, shop
Snake:3:  spider_trap, uniq_asterion
Snake:4:  snake_pit
Orc:1:    serial_shops, shop, bh_open_orc_temple, uniq_snorg
Orc:2:    st_orc_ogre_mass, serial_shops, shop, trog_book
Lab:      lab_hedge, nicolae_lab_grate, nicolae_lab_very_dead_end,
          labyrinth_lava_lair
IceCv:    ice_cave_caverns_01

Skill      XL: |  1  2  3  4  5  6  7  8  9 10 11 12 13 14 15 16 17 |
---------------+----------------------------------------------------+-----
Axes           | 3 4 5 6 7 9 11 12 13 14 15 16 17 19 20 | 20.0
Fighting       | 4 5 6 7 8 10 11 13 14 15 16 17 18 | 18.0
Armour         | 4 5 7 8 10 11 13 14 15 16 17 | 17.9
Shields        | 4 5 7 8 9 10 12 13 14 | 14.7
Invocations    | 4 6 8 9 10 11 | 11.1

Action                   |  1- 3 |  4- 6 |  7- 9 | 10-12 | 13-15 | 16-18 || total
-------------------------+-------+-------+-------+-------+-------+-------++-------
Melee: War axe           |    60 |    80 |       |       |       |       ||   140
       Headbutt          |     9 |    18 |    43 |   137 |   314 |   243 ||   764
       Hand axe          |       |    40 |   242 |   350 |       |       ||   632
       Battleaxe         |       |       |       |   177 |    60 |       ||   237
       Broad axe         |       |       |       |       |  1081 |   656 ||  1737
Invok: Finesse           |       |       |       |     1 |     2 |     4 ||     7
       Heroism           |       |       |       |       |     2 |     4 ||     6
Evoke: Wand              |       |       |       |       |     6 |       ||     6
       Box of beasts     |       |       |       |       |       |     1 ||     1
       Phial of floods   |       |       |       |       |       |     1 ||     1
  Use: Scroll            |       |    10 |     6 |     9 |    14 |    10 ||    49
       Potion            |       |       |     1 |       |     5 |     4 ||    10
 Stab: Distracted        |       |       |       |     1 |       |       ||     1
       Confused          |       |       |       |       |     2 |       ||     2
  Eat: Beef jerky        |     1 |       |     1 |       |     2 |     2 ||     6
       Chunk             |       |     4 |     2 |    19 |    27 |     8 ||    60
       Bread ration      |       |     1 |     2 |     3 |     1 |     2 ||     9
       Meat ration       |       |       |       |     1 |       |       ||     1
       Royal jelly       |       |       |       |       |     4 |       ||     4
Armor: Scale mail        |    21 |    20 |       |       |       |    67 ||   108
       Chain mail        |       |    26 |    53 |   212 |       |       ||   291
       Plate armour      |       |       |       |    58 |   396 |   150 ||   604
Dodge: Dodged            |    19 |    28 |    48 |   179 |   204 |   167 ||   645
Block: Shield            |    34 |    65 |   108 |       |   501 |   459 ||  1167
       Buckler           |       |       |     5 |    90 |       |       ||    95

Vault maps used:
D:1:      denvon_arrival_planthouse
D:2:      grunt_temple_overflow_open, ecumenical_altar_2,
          makhleb_heckhound_becter
D:3:      marbit_many_paths, uniq_jessica
D:4:      minitemple, temple_green, first_bread, serial_shops,
          nicolae_shop_window_shopping, shop, nicolae_shop_stone, shop_coins,
          hex_medium, grunt_qazlal_sundering
D:5:      serial_shops, shop_fountains
D:7:      basic_altar, serial_shops, shop, uniq_menkaure
D:8:      minmay_lair_entry_grove
D:9:      kennysheep_mini, lemuel_crystal_altar
D:10:     cheibrodos_orc_bank, hangedman_little_slice_of_home,
          kennysheep_island_fort
D:11:     orc_0_dummy, portal_ice_cave_entry_imps
D:12:     lab_entry_generic, hangedman_decor_opposing, hangedman_glass_garden,
          uniq_urug
D:13:     minmay_beelzebubs_servants, uniq_frances
D:14:     david_vaults_5, dk_noncrumbling_3, minivault_25_ag, minivault_7
D:15:     grunt_enter_depths_hoard, wad_floor_pattern_untrapped, uniq_nessos,
          uniq_louise
Lair:1:   hibernation_bobbens, grunt_megastairs_3, infiniplex_staircase_pool_2
Lair:2:   dpeg_oklob_shooting_range, infiniplex_staircase_pool,
          serial_bayou_shore_b, serial_bayou_shore_b, grunt_megastairs_1
Lair:3:   basic_altar
Lair:5:   basic_altar, grunt_megastairs_5
Lair:6:   kennysheep_rathole, elwin_shoals_entry_rocks,
          minmay_snake_entry_guardpost_small, minmay_slime_entry_jelly_boxes,
          dpeg_oklob_1, lemuel_fruit_fields
Lair:7:   eino_house_with_fridge, grunt_megastairs_4
Lair:8:   hangedman_lair_tendril_chambers, guppyfry_lair_end_dragon,
          bobbens_dragon_lair_wall, uniq_kirke
Shoals:1: serial_shops, shop, uniq_nikola
Shoals:3: uniq_polyphemus
Snake:1:  uniq_rupert
Snake:2:  serial_shops, shop
Snake:3:  spider_trap, uniq_asterion
Snake:4:  snake_pit
Orc:1:    serial_shops, shop, bh_open_orc_temple, uniq_snorg
Orc:2:    st_orc_ogre_mass, serial_shops, shop, trog_book
Lab:      lab_hedge, nicolae_lab_grate, nicolae_lab_very_dead_end,
          labyrinth_lava_lair
IceCv:    ice_cave_caverns_01

Table legend:
 A = Turns spent in this place as a percentage of turns spent in the entire game.
 B = Non-inter-level travel turns spent in this place as a percentage of non-inter-level travel turns spent in the entire game.
 C = Inter-level travel turns spent in this place as a percentage of turns spent in this place.
 D = Turns resting spent in this place as a percentage of non-inter-level travel turns spent in this place.
 E = Turns spent auto-exploring this place as a percentage of non-inter-level travel turns spent in this place.
 F = Non-inter-level travel turns spent in this place divided by the number of levels of this place that you've seen.
                   A       B       C       D       E      F
               +-------+-------+-------+-------+-------+----------------------
         Total | 100.0 | 100.0 |   0.8 |   2.2 |  10.6 | 310.3
       Dungeon |  42.5 |  42.3 |   1.2 |   1.7 |  12.5 | 297.7
          Lair |  26.4 |  26.5 |   0.7 |   0.6 |  10.1 | 349.1
        Shoals |   6.0 |   6.0 |   0.3 |   3.3 |   8.8 | 211.3
     Snake Pit |  10.9 |  10.9 |   0.7 |   2.3 |  11.1 | 288.8
  Orcish Mines |   4.1 |   4.1 |   1.8 |   6.7 |  13.0 | 215.0
     Labyrinth |   5.7 |   5.8 |   0.0 |   2.8 |   0.0 | 609.0
      Ice Cave |   4.4 |   4.4 |   0.0 |   9.1 |   6.9 | 464.0
               +-------+-------+-------+-------+-------+----------------------

Table legend:
 A = Kills in this place as a percentage of kills in entire the game.
 B = Kills by you in this place as a percentage of kills by you in the entire game.
 C = Kills by friends in this place as a percentage of kills by friends in the entire game.
 D = Other kills in this place as a percentage of other kills in the entire game.
 E = Experience gained in this place as a percentage of experience gained in the entire game.
 F = Experience gained in this place divided by the number of levels of this place that you have seen.
                   A       B       C       D       E      F
               +-------+-------+-------+-------+-------+----------------------
         Total | 100.0 | 100.0 |  -nan | 100.0 | 100.0 | 8017.0
       Dungeon |  40.5 |  40.6 |  -nan |  25.0 |  21.5 | 3907.1
          Lair |  30.1 |  30.1 |  -nan |  25.0 |  23.2 | 7918.5
        Shoals |   4.6 |   4.6 |  -nan |  25.0 |  10.7 | 9728.3
     Snake Pit |  12.4 |  12.3 |  -nan |  25.0 |  33.1 | 22584.8
  Orcish Mines |   7.1 |   7.1 |  -nan |   0.0 |   5.2 | 7091.0
     Labyrinth |   0.4 |   0.4 |  -nan |   0.0 |   0.7 | 1824.0
      Ice Cave |   4.9 |   4.9 |  -nan |   0.0 |   5.5 | 15093.0
               +-------+-------+-------+-------+-------+----------------------
